 Dungeon Crawl Stone Soup version 0.30.0-5-g1a98f26d00 (webtiles) character file.

Game seed: 14312163566704583198

39 browni3141 the Firebug (level 3, 0/16 HPs)
             Began as a Vine Stalker Fire Elementalist on May 9, 2023.
             Succumbed to an adder's poison
             ... on level 2 of the Dungeon.
             The game lasted 00:01:19 (1142 turns).

browni3141 the Firebug (VSFE)                       Turns: 1142, Time: 00:01:19

Health: 0/16       AC:  2    Str: 10    XL:     3   Next: 47%
Magic:  3/7        EV: 12    Int: 17    God:
Gold:   50         SH:  0    Dex: 14    Spells: 3/6 levels left

rFire   . . .        p - +1 mace (protect)
rCold   . . .        (no shield)
rNeg    . . .        a - +0 robe
rPois   .            (no helmet)
rElec   .            (no cloak)
rCorr   .            (no gloves)
SInv    .            (no boots)
Will    .....        (no amulet)
Stlth   +            (no ring)
HPRegen 0.22/turn    (no ring)
MPRegen 0.10/turn

%: guardian spirit
@: confused, lethally poisoned (0 -> -1), ambrosia-drunk
A: fangs 2, magic shield, antimagic bite, no potion heal 2
a: no special abilities


You were on level 2 of the Dungeon.
You visited 1 branch of the dungeon, and saw 2 of its levels.

You collected 50 gold pieces.

Inventory:

Hand Weapons
 p - a +1 mace of protection (weapon)
Armour
 a - a +0 robe (worn)
Scrolls
 n - a scroll of brand weapon {unknown}
 o - a scroll of silence {unknown}
 r - a scroll of identify {unknown}
 t - a scroll of fog {unknown}
Potions
 m - a potion of magic
 s - a potion of heal wounds {unknown}


   Skills:
 - Level 1.5 Dodging
 - Level 2.4 Stealth
 - Level 2.1 Spellcasting
 - Level 1.0 Conjurations
 * Level 4.4 Fire Magic


You had 3 spell levels left.
You knew the following spells:

 Your Spells              Type           Power      Damage    Failure   Level
x - Scorch                Fire           32%        2d6       4%          2
z - Foxfire               Conj/Fire      44%        2x1d6     6%          1

Your spell library contained the following spells:

 Spells                   Type           Power      Damage    Failure   Level
 Inner Flame              Hex/Fire       9%         N/A       22%         3
 Volatile Blastmotes      Fire/Tloc      18%        2d11      22%         3
 Flame Wave               Conj/Fire      11%        2d6       52%         4


Dungeon Overview and Level Annotations

Branches:
Dungeon (2/15)

Altars:


Innate Abilities, Weirdness & Mutations

You have extremely sharp teeth.
When hurt, damage is shared between your health and your magic reserves.
Your bite disrupts and absorbs the magic of your enemies.
Potions cannot restore your health.


Message History

You hit the endoplasm.
Your weapon exudes an aura of protection.
You bite the endoplasm, but do no damage.
The endoplasm is heavily wounded.
The endoplasm hits you but does no damage.
The endoplasm freezes you.
You are frozen.
You barely miss the endoplasm.
You bite the endoplasm, but do no damage.
The endoplasm is heavily wounded.
The endoplasm hits you but does no damage.
You thump the endoplasm!
You kill the endoplasm!
A hobgoblin comes into view.
A hobgoblin is nearby!
A hobgoblin is nearby!
The hobgoblin shouts!
You hit the hobgoblin.
Your weapon exudes an aura of protection.
Your bite misses the hobgoblin.
The hobgoblin is severely wounded.
The hobgoblin hits you but does no damage.
The hobgoblin closely misses you.
You hit the hobgoblin.
You kill the hobgoblin!
No target in view!
No target in view!
A rat comes into view.
A rat is nearby!
A rat is nearby!
A rat is nearby!
You hit the rat.
Your weapon exudes an aura of protection.
The rat is moderately wounded.
The rat closely misses you. The rat bites you but does no damage.
You hit the rat.
You kill the rat!
You see here a rat corpse.
t - a scroll labelled MUYTYM NAOS You see here a +0 hand axe.
You see here a rat corpse.
You see here a +0 spear.
Key pressed, stopping explore.
You see here a +0 dagger.
There is a stone staircase leading down here.
Done exploring.
Done exploring.
Done exploring.
There is a stone staircase leading down here.
You climb downwards.
There is a stone staircase leading up here.
You aren't wearing any rings or amulets.
Unknown command.
You open the door.
An adder comes into view.
There is an open door here.
An adder is nearby!
An adder is nearby!
An adder is nearby!
A ball python comes into view.
The adder barely misses you. x2
You miss the adder. The adder closely misses you.
Casting: Foxfire (safe; 6% risk of failure)
Confirm with . or Enter, or press ? or * to list all spells.
Flames lash the adder.
The adder is heavily wounded.
The adder's fire resistance burns away.
The ball python hisses angrily.
The adder bites you. x2
You are poisoned.
The adder poisons you!
Casting: Scorch (safe; 4% risk of failure)
Confirm with . or Enter, or press ? or * to list all spells.
Flames lash the adder.
The adder is burned terribly!
The adder is almost dead.
You feel sick. The adder closely misses you.
Casting: Scorch (safe; 4% risk of failure)
Confirm with . or Enter, or press ? or * to list all spells.
Flames lash the ball python.
You kill the ball python!
You feel sick. The adder closely misses you.
Casting: Scorch (safe; 4% risk of failure)
Confirm with . or Enter, or press ? or * to list all spells.
You don't have enough magic to cast this spell.
You are too injured to fight recklessly!
You are too injured to fight recklessly!
You are too injured to fight recklessly!
You barely miss the adder.
The adder is almost dead.
You feel sick. The adder bites you. x2
* * * LOW HITPOINT WARNING * * *
You closely miss the adder. You bite the adder.
You kill the adder!
* * * LOW HITPOINT WARNING * * *
You feel sick.
Unknown command.
It was a potion of ambrosia.
You are confused.
Your system rejects the healing.
You feel invigorated.
You die...

##### #...#
################...#####
...............'........
################...####
#..@..# .......†..+
.####.....# #......#
#......# #......#
#....### #..[.#


There were no monsters in sight!

Vanquished Creatures
  An adder (D:2)
  2 endoplasms (D:1)
  2 giant cockroaches (D:1)
  4 hobgoblins (D:1)
  A kobold (D:1)
  A quokka (D:1)
  4 ball pythons
  4 bats (D:1)
  3 frilled lizards (D:1)
  5 goblins (D:1)
  2 rats (D:1)
29 creatures vanquished.

Vanquished Creatures (others)
  32 foxfires (D:1)
32 creatures vanquished.

Grand Total: 61 creatures vanquished

Notes
Turn   | Place    | Note
-------+----------+-------------------------------------------
     0 | D:1      | browni3141 the Vine Stalker Fire Elementalist began the
                  | quest for the Orb.
     0 | D:1      | Reached XP level 1. HP: 9/9 MP: 4/4
     0 | D:1      | Noticed a draconian
     0 | D:1      | Noticed a naga
     2 | D:1      | Noticed an ogre
     2 | D:1      | Noticed a felid
     7 | D:1      | Noticed a dwarf
     9 | D:1      | Noticed a formicid
    11 | D:1      | Noticed an octopode
    13 | D:1      | Noticed a gargoyle
    13 | D:1      | Noticed a felid
    15 | D:1      | Noticed an octopode
    15 | D:1      | Noticed an ogre
    18 | D:1      | Noticed a formicid
    18 | D:1      | Noticed a dwarf
    20 | D:1      | Noticed a dwarf
   172 | D:1      | Reached XP level 2. HP: 13/13 MP: 1/6
   695 | D:1      | Reached skill level 4 in Fire Magic
   698 | D:1      | Learned a level 2 spell: Scorch
   720 | D:1      | Reached XP level 3. HP: 16/16 MP: 7/7
  1142 | D:2      | Succumbed to an adder's poison

Illustrated notes

Levels and vault maps discovered:
D:1:      shiori_arrival_whats_in_store_for_you, layout_loops_ring,
          st_stairs_12, kennysheep_doodads
D:2:      layout_basic, uniq_crazy_yiuf_cottage

Skill      XL: |  1  2 |
---------------+-------+-----
Fire Magic     | 4 |  4.4
Dodging        | |  1.5
Stealth        | |  2.4
Spellcasting   | |  2.1
Conjurations   | |  1.0

Action                     || total
---------------------------++-------
  Melee: Unarmed           ||     5
         Mace              ||    23
         Bite              ||     6
   Cast: Foxfire           ||    20
         Scorch            ||     3
    Use: Potion            ||     1
 Armour: Robe              ||    19
  Dodge: Dodged            ||    33
